 Dungeon Crawl Stone Soup version 0.22-a0-571-g4a923d4 (webtiles) character file.

16 iamserjio the Covered (level 2, -1/19 HPs)
             Began as a Gargoyle Fighter on July 1, 2018.
             Slain by a kobold
             ... wielding a +0 club
              (4 damage)
             ... on level 1 of the Dungeon.
             The game lasted 00:00:53 (131 turns).

iamserjio the Covered (Gargoyle Fighter)             Turns: 131, Time: 00:00:53

Health: -1/19      AC:  9    Str: 19    XL:     2   Next: 58%
Magic:  2/2        EV:  7    Int:  8    God:
Gold:   53         SH:  9    Dex:  9    Spells: 1/1 levels left

rFire    . . .     SeeInvis .   a - +0 war axe
rCold    . . .     Gourm    .   c - +0 shield
rNeg     + . .     Faith    .   b - +0 scale mail
rPois    ∞         Spirit   .   (no helmet)
rElec    +         Reflect  .   (no cloak)
rCorr    .         Harm     .   (no gloves)
MR       .....                  (no boots)
Stlth    ..........             (no amulet)
HPRegen  0.06/turn              (no ring)
MPRegen  0.08/turn              (no ring)

@: no status effects
A: negative energy resistance 1, electricity resistance, unbreathing,
petrification resistance, rot immunity, AC +2
a: no special abilities


You were on level 1 of the Dungeon.
You were not hungry.

You visited 1 branch of the dungeon, and saw 2 of its levels.

You collected 53 gold pieces.

Inventory:

Hand Weapons
 a - a +0 war axe (weapon)
Armour
 b - a +0 scale mail (worn)
 c - a +0 shield (worn)
Scrolls
 e - a scroll of remove curse {unknown}
Potions
 d - a potion of might
 g - a potion of brilliance {unknown}
Comestibles
 f - a ration


   Skills:
 + Level 3.5 Fighting
 * Level 2.2 Axes
 + Level 3.5 Armour
 + Level 3.5 Shields


You had one spell level left.
You didn't know any spells.
Your spell library was empty.

Dungeon Overview and Level Annotations

Branches:
Dungeon (2/15)

Altars:


Innate Abilities, Weirdness & Mutations

You are resistant to torment.
Your stone body is resilient. (AC +2)
You are immune to poison.
You resist negative energy. (rN+)
You are resistant to electric shocks. (rElec)
You can survive without breathing.
You are immune to petrification.
You are immune to rotting.


Message History

You now have 53 gold pieces (gained 11).
Found a stone staircase leading up.
There is a stone staircase leading up here.
There is a stone staircase leading up here.
You climb upwards.
A rat and a kobold come into view.
The rat bites you but does no damage.
The kobold throws a stone.
The stone closely misses you.
Found a mace, a stone, a grey potion and a robe.
Found a stone staircase leading down.
There is a stone staircase leading down here.
You hit the rat.
You kill the rat!
The kobold throws a stone.
You block the stone. The kobold hits you with a club.
* * * LOW HITPOINT WARNING * * *
Found an escape hatch in the floor.
Your shield and scale mail prevent you from hitting the kobold.
The kobold hits you with a club.
You die...

### .[ ..
##. ..##
#.(# #..#
#)># #†@#
#>K..>....
#..#######
#..# #..#
.!.# ##.#
#.#


You could see a kobold.

Vanquished Creatures
  A worm (D:2)
  2 leopard geckos
  A ball python (D:2)
  A bat (D:1)
  A goblin (D:1)
  2 hobgoblins (D:1)
  2 kobolds
  A rat (D:1)
11 creatures vanquished.

Notes
Turn   | Place    | Note
-------+----------+-------------------------------------------
     0 | D:1      | iamserjio the Gargoyle Fighter began the quest for the Orb.
     0 | D:1      | Reached XP level 1. HP: 14/14 MP: 1/1
    49 | D:1      | Reached XP level 2. HP: 19/19 MP: 2/2
   131 | D:1      | Slain by a kobold

Vault maps used:
D:1:      dpeg_arrival_shrine

Skill      XL: |  1 |
---------------+----+-----
Axes           | 2 |  2.2
Fighting       | |  3.5
Armour         | |  3.5
Shields        | |  3.5

Action                   || total
-------------------------++-------
Melee: War axe           ||    31
Armor: Scale mail        ||    17
Dodge: Dodged            ||    12
Block: Shield            ||    24

Table legend:
 A = Spawn XP
 B = Non-spawn XP
 C = Spawn XP percentage of total XP
 D = Spawn monster count
 E = Non-spawn monster count
 F = Spawn count percentage of total count
 G = Total turns spent on level
                    A         B        C        D         E        F      G
               +---------+---------+-------+---------+---------+-------+---------
         Total |       0 |      24 |   0.0 |       0 |      11 |   0.0 |   131
               +---------+---------+-------+---------+---------+-------+---------
           D:1 |       0 |      13 |   0.0 |       0 |       7 |   0.0 |    54
           D:2 |       0 |      11 |   0.0 |       0 |       4 |   0.0 |    77
               +---------+---------+-------+---------+---------+-------+---------
